| TOP OF THE 1ST |
|
Indianapolis Indians batting - Pitching for Albuquerque Isotopes : RHP Mark Hincks
|
|
Pitching: RHP Mark Hincks
|
|
|
Batting: LHB Alberto Figueroa
|
0-0: Ground out 4-3 (Groundball, 4, EV 88.1 MPH)
|
|
Batting: RHB Bubba Tierney
|
0-0: Ball 1-0: SINGLE (Line Drive, 4MD, EV 95.6 MPH)
|
|
Batting: RHB Alain Marquet
|
0-0: Ball Bubba Tierney steals 2nd base (no throw) 1-0: Ball 2-0: Called Strike 2-1: Ball 3-1: Base on Balls
|
|
Batting: LHB Phil DeCamp
|
0-0: SINGLE (Groundball, 6M, EV 100.0 MPH) (infield hit) Bubba Tierney to third Alain Marquet to second
|
|
Batting: LHB Jorge Quintana
|
0-0: Ball 1-0: SINGLE (Groundball, 5L, EV 88.1 MPH) (infield hit) Bubba Tierney scores Alain Marquet to third Phil DeCamp to second
|
|
Batting: RHB Richard Barrios
|
0-0: Foul Ball, location: 2F 0-1: Ball 1-1: Ball 2-1: Grounds into double play, 5-4-3 (Groundball, 5, EV 87.5 MPH)
|
| Top of the 1st over - 1 run, 3 hits, 0 errors, 2 left on base; Indianapolis 1 - Albuquerque 0 |
| BOTTOM OF THE 1ST |
|
Albuquerque Isotopes batting - Pitching for Indianapolis Indians : RHP Walt Quinn
|
|
Pitching: RHP Walt Quinn
|
|
|
Batting: RHB Logan Morgan
|
0-0: Called Strike 0-1: Called Strike 0-2: Ball 1-2: Strikes out swinging
|
|
Batting: RHB Sadataka Kuwahara
|
0-0: SINGLE (Line Drive, 4MD, EV 96.9 MPH)
|
|
Batting: SHB Justin Hensley
|
0-0: Called Strike 0-1: Ball 1-1: Foul Ball, location: 2F 1-2: Foul Ball, location: 2F 1-2: SINGLE (Groundball, 34D, EV 101.2 MPH) Sadataka Kuwahara to second Runner from 2nd tries for 3rd, SAFE, no throw by RF
|
|
Batting: SHB D.J. Codd
|
0-0: Ball 1-0: Foul Ball, location: 2F 1-1: Called Strike 1-2: Foul Ball, location: 2F 1-2: SINGLE (Line Drive, 6D, EV 95.0 MPH) Sadataka Kuwahara scores Justin Hensley to second
|
|
Batting: RHB Chris King
|
0-0: Swinging Strike 0-1: Ball 1-1: Foul Ball, location: 2F 1-2: Ball 2-2: Foul Ball, location: 2F 2-2: Ball 3-2: Base on Balls Justin Hensley to third D.J. Codd to second
|
|
Batting: LHB Gabe Harvey
|
0-0: Ball 1-0: Ball 2-0: Called Strike 2-1: Swinging Strike 2-2: Ball 3-2: SINGLE (Groundball, 25, EV 63.8 MPH) (infield hit) Justin Hensley scores D.J. Codd to third Chris King to second
|
|
Batting: RHB Hector Silva
|
0-0: Called Strike 0-1: Fly out, F7 (Flyball, 7D, EV 91.9 MPH) Runner from 3rd tags up, SCORES, no throw by LF
|
|
Batting: RHB Jerry Sanchez
|
0-0: Called Strike 0-1: Fly out, F3 (Popup, 3SF, EV 75.0 MPH)
|
| Bottom of the 1st over - 3 runs, 4 hits, 0 errors, 2 left on base; Indianapolis 1 - Albuquerque 3 |
| TOP OF THE 2ND |
|
Indianapolis Indians batting - Pitching for Albuquerque Isotopes : RHP Mark Hincks
|
|
Batting: RHB Hugo Zacarias
|
0-0: Ball 1-0: Foul Ball, location: 2F 1-1: Ground out 2-3 (Groundball, 2L, EV 73.8 MPH)
|
|
Batting: RHB Hector Barajas
|
0-0: Ball 1-0: Ball 2-0: Foul Ball, location: 2F 2-1: Swinging Strike 2-2: Foul Ball, location: 2F 2-2: Ball 3-2: Base on Balls
|
|
Batting: RHB Nick Wicker
|
0-0: Ball 1-0: Fielders Choice at 2nd, 6-4 (Groundball, 6, EV 99.4 MPH)
|
|
Batting: LHB Alberto Figueroa
|
0-0: Called Strike 0-1: Foul Ball, location: 2F 0-2: Ball 1-2: Ball 2-2: Ball Nick Wicker is caught stealing 2nd base 2-6
|
| Top of the 2nd over - 0 runs, 0 hits, 0 errors, 0 left on base; Indianapolis 1 - Albuquerque 3 |
| BOTTOM OF THE 2ND |
|
Albuquerque Isotopes batting - Pitching for Indianapolis Indians : RHP Walt Quinn
|
|
Batting: RHB Vinny Estrada
|
0-0: Ground out 6-3 (Groundball, 6, EV 103.8 MPH)
|
|
Batting: RHB Logan Morgan
|
0-0: Foul Ball, location: 2F 0-1: Swinging Strike 0-2: Ball 1-2: Foul Ball, location: 2F 1-2: Foul Ball, location: 2F 1-2: Strikes out swinging
|
|
Batting: RHB Sadataka Kuwahara
|
0-0: Foul Ball, location: 2F 0-1: Swinging Strike 0-2: Ball 1-2: Strikes out looking
|
| Bottom of the 2nd over - 0 runs, 0 hits, 0 errors, 0 left on base; Indianapolis 1 - Albuquerque 3 |
| TOP OF THE 3RD |
|
Indianapolis Indians batting - Pitching for Albuquerque Isotopes : RHP Mark Hincks
|
|
Batting: LHB Alberto Figueroa
|
0-0: Fly out, F7 (Flyball, 7S, EV 91.2 MPH)
|
|
Batting: RHB Bubba Tierney
|
0-0: Ball 1-0: Called Strike 1-1: Swinging Strike 1-2: Strikes out looking
|
|
Batting: RHB Alain Marquet
|
0-0: Ball 1-0: Ball 2-0: Ball 3-0: Called Strike 3-1: Base on Balls
|
|
Batting: LHB Phil DeCamp
|
0-0: SINGLE (Line Drive, 89S, EV 107.5 MPH) Alain Marquet to second
|
|
Batting: LHB Jorge Quintana
|
0-0: Fly out, F8 (Flyball, 8RM, EV 90.6 MPH)
|
| Top of the 3rd over - 0 runs, 1 hit, 0 errors, 2 left on base; Indianapolis 1 - Albuquerque 3 |
| BOTTOM OF THE 3RD |
|
Albuquerque Isotopes batting - Pitching for Indianapolis Indians : RHP Walt Quinn
|
|
Batting: SHB Justin Hensley
|
0-0: Ground out 5-3 (Groundball, 15, EV 91.9 MPH)
|
|
Batting: SHB D.J. Codd
|
0-0: Called Strike 0-1: Foul Ball, location: 2F 0-2: Strikes out looking
|
|
Batting: RHB Chris King
|
0-0: Ball 1-0: Foul Ball, location: 2F 1-1: Ground out 5-3 (Groundball, 56, EV 79.4 MPH)
|
| Bottom of the 3rd over - 0 runs, 0 hits, 0 errors, 0 left on base; Indianapolis 1 - Albuquerque 3 |
| TOP OF THE 4TH |
|
Indianapolis Indians batting - Pitching for Albuquerque Isotopes : RHP Mark Hincks
|
|
Batting: RHB Richard Barrios
|
0-0: Ball 1-0: Foul Ball, location: 2F 1-1: Foul Ball, location: 2F 1-2: Foul Ball, location: 2F 1-2: Foul Ball, location: 2F 1-2: Foul Ball, location: 2F 1-2: Ball 2-2: Foul Ball, location: 2F 2-2: Foul Ball, location: 2F 2-2: Ball 3-2: Base on Balls
|
|
Batting: RHB Hugo Zacarias
|
0-0: Ball 1-0: Ball 2-0: Foul Ball, location: 2F 2-1: Foul Ball, location: 2F 2-2: Foul Ball, location: 2F 2-2: Foul Ball, location: 2F 2-2: Ball 3-2: Strikes out looking
|
|
Batting: RHB Hector Barajas
|
0-0: Called Strike 0-1: Ball 1-1: Called Strike 1-2: Foul Ball, location: 2F 1-2: Ball 2-2: Ball 3-2: Strikes out swinging
|
|
Batting: RHB Nick Wicker
|
0-0: Ball 1-0: Called Strike 1-1: Called Strike 1-2: Foul Ball, location: 2F 1-2: Ball Richard Barrios is caught stealing 2nd base 2-4
|
| Top of the 4th over - 0 runs, 0 hits, 0 errors, 0 left on base; Indianapolis 1 - Albuquerque 3 |
| BOTTOM OF THE 4TH |
|
Albuquerque Isotopes batting - Pitching for Indianapolis Indians : RHP Walt Quinn
|
|
Batting: LHB Gabe Harvey
|
0-0: Ball 1-0: Ground out 1-3 (Groundball, 13S, EV 71.9 MPH)
|
|
Batting: RHB Hector Silva
|
0-0: Called Strike 0-1: Ball 1-1: Called Strike 1-2: Ball 2-2: Foul Ball, location: 2F 2-2: Ground out 6-3 (Groundball, 6, EV 106.2 MPH)
|
|
Batting: RHB Jerry Sanchez
|
0-0: Ball 1-0: Ball 2-0: Ball 3-0: Called Strike 3-1: SINGLE (Line Drive, 5D, EV 97.5 MPH)
|
|
Batting: RHB Vinny Estrada
|
0-0: Ball 1-0: Foul Ball, location: 2F 1-1: Ground out U3 (Groundball, 3L, EV 103.8 MPH)
|
| Bottom of the 4th over - 0 runs, 1 hit, 0 errors, 1 left on base; Indianapolis 1 - Albuquerque 3 |
| TOP OF THE 5TH |
|
Indianapolis Indians batting - Pitching for Albuquerque Isotopes : RHP Mark Hincks
|
|
Batting: RHB Nick Wicker
|
0-0: Called Strike 0-1: Foul Ball, location: 2F 0-2: Strikes out swinging
|
|
Batting: LHB Alberto Figueroa
|
0-0: Foul Ball, location: 2F 0-1: Ball 1-1: Ball 2-1: Called Strike 2-2: Ball 3-2: Strikes out swinging
|
|
Batting: RHB Bubba Tierney
|
0-0: Ball 1-0: SOLO HOME RUN (Line Drive, 9D, EV 105.0 MPH), Distance : 415 ft
|
|
Batting: RHB Alain Marquet
|
0-0: Called Strike 0-1: Foul Ball, location: 2F 0-2: Ball 1-2: Strikes out looking
|
| Top of the 5th over - 1 run, 1 hit, 0 errors, 0 left on base; Indianapolis 2 - Albuquerque 3 |
| BOTTOM OF THE 5TH |
|
Albuquerque Isotopes batting - Pitching for Indianapolis Indians : RHP Walt Quinn
|
|
Batting: RHB Logan Morgan
|
0-0: Ball 1-0: Foul Ball, location: 2F 1-1: Foul Ball, location: 2F 1-2: Ball 2-2: Strikes out looking
|
|
Batting: RHB Sadataka Kuwahara
|
0-0: Fly out, F8 (Flyball, 8RS, EV 85.0 MPH)
|
|
Batting: SHB Justin Hensley
|
0-0: Ball 1-0: Foul Ball, location: 2F 1-1: Fly out, F9 (Flyball, 9LM, EV 90.0 MPH)
|
| Bottom of the 5th over - 0 runs, 0 hits, 0 errors, 0 left on base; Indianapolis 2 - Albuquerque 3 |
| TOP OF THE 6TH |
|
Indianapolis Indians batting - Pitching for Albuquerque Isotopes : RHP Mark Hincks
|
|
Batting: LHB Phil DeCamp
|
0-0: Swinging Strike 0-1: Called Strike 0-2: Ball 1-2: Foul Ball, location: 2F 1-2: Ground out 4-3 (Groundball, 4, EV 99.4 MPH)
|
|
Batting: LHB Jorge Quintana
|
0-0: Ball 1-0: Foul Ball, location: 2F 1-1: Foul Ball, location: 2F 1-2: Ball 2-2: Ball 3-2: Foul Ball, location: 2F 3-2: Fly out, F7 (Flyball, 7S, EV 89.4 MPH)
|
|
Batting: RHB Richard Barrios
|
0-0: Ball 1-0: Foul Ball, location: 2F 1-1: Ball 2-1: Foul Ball, location: 2F 2-2: DOUBLE (Line Drive, 78M, EV 112.5 MPH)
|
|
Pitching: RHP Sam Alexander
|
|
|
Batting: RHB Hugo Zacarias
|
0-0: Ball 1-0: Called Strike 1-1: Swinging Strike 1-2: Ball 2-2: Ball 3-2: Fly out, F9 (Flyball, 9LMF, EV 91.2 MPH)
|
| Top of the 6th over - 0 runs, 1 hit, 0 errors, 1 left on base; Indianapolis 2 - Albuquerque 3 |
| BOTTOM OF THE 6TH |
|
Albuquerque Isotopes batting - Pitching for Indianapolis Indians : RHP Walt Quinn
|
|
Batting: SHB D.J. Codd
|
0-0: Ball 1-0: Foul Ball, location: 2F 1-1: Ball 2-1: Foul Ball, location: 2F 2-2: Fly out, F8 (Flyball, 8LD, EV 107.5 MPH)
|
|
Batting: RHB Chris King
|
0-0: Swinging Strike 0-1: Ball 1-1: Ball 2-1: Called Strike 2-2: Ball 3-2: Strikes out swinging
|
|
Batting: LHB Gabe Harvey
|
0-0: Ball 1-0: Fly out, F8 (Flyball, 8LD, EV 96.9 MPH)
|
| Bottom of the 6th over - 0 runs, 0 hits, 0 errors, 0 left on base; Indianapolis 2 - Albuquerque 3 |
| TOP OF THE 7TH |
|
Indianapolis Indians batting - Pitching for Albuquerque Isotopes : RHP Sam Alexander
|
|
Batting: RHB Hector Barajas
|
0-0: Called Strike 0-1: SOLO HOME RUN (Flyball, 7LD, EV 88.1 MPH), Distance : 331 ft
|
|
Batting: RHB Nick Wicker
|
0-0: Ball 1-0: Ball 2-0: Ball 3-0: Called Strike 3-1: Foul Ball, location: 2F 3-2: Foul Ball, location: 2F 3-2: Foul Ball, location: 2F 3-2: Ground out 5-3 (Groundball, 56, EV 82.5 MPH)
|
|
Batting: LHB Alberto Figueroa
|
0-0: Ball 1-0: Ball 2-0: Ball 3-0: Base on Balls
|
|
Batting: RHB Bubba Tierney
|
0-0: Called Strike Alberto Figueroa steals 2nd base 0-1: Swinging Strike 0-2: Strikes out swinging
|
|
Batting: RHB Alain Marquet
|
0-0: SINGLE (Line Drive, 7S, EV 98.1 MPH) Alberto Figueroa to third Runner from 3rd tries for Home, SAFE, throw by LF to home
|
|
Batting: LHB Phil DeCamp
|
0-0: Called Strike 0-1: Ball 1-1: Ball 2-1: Ground out 4-3 (Groundball, 4, EV 83.8 MPH)
|
| Top of the 7th over - 2 runs, 2 hits, 0 errors, 1 left on base; Indianapolis 4 - Albuquerque 3 |
| BOTTOM OF THE 7TH |
|
Albuquerque Isotopes batting - Pitching for Indianapolis Indians : RHP Walt Quinn
|
|
Batting: RHB Hector Silva
|
0-0: Called Strike 0-1: Fly out, F9 (Flyball, 9S, EV 92.5 MPH)
|
|
Batting: RHB Jerry Sanchez
|
0-0: Foul Ball, location: 2F 0-1: Fly out, F8 (Flyball, 78XD, EV 83.1 MPH)
|
|
Batting: RHB Vinny Estrada
|
0-0: Called Strike 0-1: Ball 1-1: Ball 2-1: Reached on error, E4 (Groundball, 4, EV 101.2 MPH)
|
|
Batting: RHB Logan Morgan
|
0-0: Foul Ball, location: 2LF, Error on foul ball, E2 0-1: Hit by Pitch Vinny Estrada to second
|
|
Batting: RHB Sadataka Kuwahara
|
0-0: Fly out, F8 (Flyball, 8LS, EV 91.2 MPH)
|
| Bottom of the 7th over - 0 runs, 0 hits, 2 errors, 2 left on base; Indianapolis 4 - Albuquerque 3 |
| TOP OF THE 8TH |
|
Indianapolis Indians batting - Pitching for Albuquerque Isotopes : RHP Sam Alexander
|
|
Pitching: RHP Josh Kenyon
|
|
|
Batting: LHB Jorge Quintana
|
0-0: Ball 1-0: Ball 2-0: Swinging Strike 2-1: Ball 3-1: Foul Ball, location: 2F 3-2: Foul Ball, location: 2F 3-2: Foul Ball, location: 2F 3-2: Strikes out swinging
|
|
Batting: RHB Richard Barrios
|
0-0: Ball 1-0: Called Strike 1-1: Ball 2-1: Called Strike 2-2: Ball 3-2: Strikes out swinging
|
|
Batting: RHB Hugo Zacarias
|
0-0: Foul Ball, location: 2F 0-1: Ball 1-1: Swinging Strike 1-2: Ball 2-2: Ground out 1-3 (Groundball, 34S, EV 66.2 MPH)
|
| Top of the 8th over - 0 runs, 0 hits, 0 errors, 0 left on base; Indianapolis 4 - Albuquerque 3 |
| BOTTOM OF THE 8TH |
|
Albuquerque Isotopes batting - Pitching for Indianapolis Indians : RHP Walt Quinn
|
|
Batting: SHB Justin Hensley
|
0-0: SINGLE (Groundball, 6MD, EV 97.5 MPH)
|
|
Batting: SHB D.J. Codd
|
0-0: Grounds into double play, 5-4-3 (Groundball, 56, EV 89.4 MPH)
|
|
Batting: RHB Chris King
|
0-0: Called Strike 0-1: Swinging Strike 0-2: Strikes out swinging
|
| Bottom of the 8th over - 0 runs, 1 hit, 0 errors, 0 left on base; Indianapolis 4 - Albuquerque 3 |
| TOP OF THE 9TH |
|
Indianapolis Indians batting - Pitching for Albuquerque Isotopes : RHP Josh Kenyon
|
|
Pitching: RHP Justin Judson
|
|
|
Batting: RHB Hector Barajas
|
0-0: Foul Ball, location: 2F 0-1: Foul Ball, location: 2F 0-2: SINGLE (Line Drive, 6M, EV 95.6 MPH)
|
|
Batting: RHB Nick Wicker
|
0-0: Fielders Choice at 2nd, 1-6 (Groundball, 34S, EV 70.6 MPH)
|
|
Batting: LHB Alberto Figueroa
|
0-0: Ball 1-0: Swinging Strike 1-1: Called Strike 1-2: Strikes out swinging
|
|
Batting: RHB Bubba Tierney
|
0-0: Fly out, F7 (Flyball, 7, EV 93.8 MPH)
|
| Top of the 9th over - 0 runs, 1 hit, 0 errors, 1 left on base; Indianapolis 4 - Albuquerque 3 |
| BOTTOM OF THE 9TH |
|
Albuquerque Isotopes batting - Pitching for Indianapolis Indians : RHP Walt Quinn
|
|
Now at 1B: Gregg Kellerman
|
|
|
Batting: LHB Gabe Harvey
|
0-0: Called Strike 0-1: Foul Ball, location: 2F 0-2: SINGLE (Line Drive, 7S, EV 96.9 MPH)
|
|
Batting: RHB Hector Silva
|
0-0: Bunt missed! 0-1: Ball 1-1: Bunted foul 1-2: SINGLE (Line Drive, 6M, EV 98.8 MPH) Gabe Harvey to second
|
|
Pitching: RHP Doug Rawson
|
|
|
Batting: RHB Jerry Sanchez
|
0-0: Called Strike 0-1: Foul Ball, location: 2F 0-2: Strikes out swinging
|
|
Batting: RHB Vinny Estrada
|
0-0: Fly out, F4 (Line Drive, 4D, EV 70.6 MPH)
|
|
Batting: RHB Logan Morgan
|
0-0: Called Strike 0-1: Ball 1-1: Ground out 6-3 (Groundball, 56, EV 107.5 MPH)
|
| Bottom of the 9th over - 0 runs, 2 hits, 0 errors, 2 left on base; Indianapolis 4 - Albuquerque 3 |
|